 Dungeon Crawl Stone Soup version 0.27-a0-1324-ge0d8e047f6 (webtiles) character file.

Game seed: 2663663494739827904

125 HAL9000 the Sneak (level 5, -3/26 HPs)
             Began as a Vine Stalker Brigand on June 23, 2021.
             Slain by Sigmund (10 damage)
             ... on level 2 of the Dungeon.
             The game lasted 00:01:50 (1730 turns).

HAL9000 the Sneak (Vine Stalker Brigand)            Turns: 1730, Time: 00:01:51

Health: -3/26      AC:  3    Str: 14    XL:     5   Next: 9%
Magic:  0/6        EV: 11    Int: 11    God:
Gold:   99         SH:  0    Dex: 16    Spells: 4/4 levels left

rFire    . . .     SeeInvis .   m - +0 dagger (venom)
rCold    . . .     Faith    .   (no shield)
rNeg     . . .     Spirit   +   b - +0 robe
rPois    .         Reflect  .   (no helmet)
rElec    .         Harm     .   c - +0 cloak
rCorr    .         Rampage  .   (no gloves)
Will     .....                  (no boots)
Stlth    +++.......             (no amulet)
HPRegen  1.08/turn              (no ring)
MPRegen  0.10/turn              (no ring)

@: no status effects
A: fangs 2, regeneration 1, magic shield, antimagic bite, no potion heal 2
a: no special abilities


You were on level 2 of the Dungeon.
You visited 1 branch of the dungeon, and saw 2 of its levels.

You collected 99 gold pieces.

Inventory:

Hand Weapons
 a - a +2 dagger
 m - a +0 dagger of venom (weapon)
Missiles
 d - 8 poisoned darts (quivered)
 e - 2 curare-tipped darts
Armour
 b - a +0 robe (worn)
 c - a +0 cloak (worn)
Jewellery
 i - a ring of see invisible
Scrolls
 f - a scroll of fog {unknown}
 g - a scroll of vulnerability {unknown}
 h - 4 scrolls of identify {unknown}
 k - a scroll of enchant armour {unknown}
 o - a scroll of brand weapon {unknown}
Potions
 j - a potion of heal wounds {unknown}
 l - a potion of haste {unknown}
 n - a potion of flight {unknown}
 p - 2 potions of berserk rage {unknown}


   Skills:
 - Level 2.0 Fighting
 + Level 4.1 Short Blades
 - Level 1.7 Throwing
 - Level 0.7 Dodging
 - Level 5.5 Stealth


You had 4 spell levels left.
You didn't know any spells.
Your spell library was empty.

Dungeon Overview and Level Annotations

Branches:
Dungeon (2/15)

Altars:

Shops:
D:1 =

Annotations:
D:2 Sigmund


Innate Abilities, Weirdness & Mutations

You have extremely sharp teeth.
Your natural rate of healing is unusually fast.
When hurt, damage is shared between your health and your magic reserves.
Your bite disrupts and absorbs the magic of your enemies.
Potions cannot restore your health.


Message History

No target in view!
Items here: ( ) ††.
Found a hunting sling.
You see here a +0 hunting sling.
You open the door.
Found a stone staircase leading down.
There is an open door here.
A hobgoblin comes into view.
The helpless hobgoblin fails to defend itself.
You impale the hobgoblin!!
You kill the hobgoblin!
No target in view!
No target in view!
Unknown command.
Unknown command.
Unknown command.
No target in view!
Unknown command.
Unknown command.
You open the door.
Found a stone staircase leading up.
There is an open door here.
There is an open door here.
A frilled lizard and Sigmund come into view.
Sigmund shouts!
The frilled lizard hisses angrily.
Sigmund's eyes start glowing with a red light.
There are monsters nearby!
There are monsters nearby!
Sigmund gestures at you while chanting.
You are confused.
Sigmund gestures at you while chanting. The puff of flame hits you!
The frilled lizard bites you.
You feel less confused.
Sigmund hits you from afar with a +0 scythe.
The frilled lizard bites you. Sigmund hits you with a +0 scythe!
* * * LOW HITPOINT WARNING * * *
The frilled lizard bites you but does no damage.
Sigmund hits you from afar with a +0 scythe!
You die...

# #. #.################
###................#
#.....l....#######.#
#......@...###..<#.#
#....@.....'.....#.#
#..........###.#.#.#
............#...#.#.#
###..........#.###.#.# .#
#..........#.....#.# .#
##################.##### .#
####......
##.#####################.......##


You could see Sigmund and a frilled lizard.

Vanquished Creatures
  An ogre (D:2)
  A hound skeleton (D:2)
  2 ball pythons
  2 endoplasms (D:1)
  4 giant cockroaches
  5 hobgoblins
  2 jackals (D:2)
  3 bats
  A frilled lizard (D:2)
  2 kobolds
  2 rats (D:2)
25 creatures vanquished.

Notes
Turn   | Place    | Note
-------+----------+-------------------------------------------
     0 | D:1      | HAL9000 the Vine Stalker Brigand began the quest for the
                  | Orb.
     0 | D:1      | Reached XP level 1. HP: 11/11 MP: 2/2
   146 | D:1      | Reached skill level 5 in Stealth
   303 | D:1      | Found a faded altar of an unknown god.
   459 | D:1      | Reached XP level 2. HP: 15/15 MP: 3/3
  1108 | D:1      | Found Zamecwu's Jewellery Shop.
  1386 | D:2      | Noticed an ogre
  1404 | D:2      | Killed an ogre
  1405 | D:2      | Reached XP level 3. HP: 1/18 MP: 2/4
  1405 | D:2      | Gained mutation: Your natural rate of healing is unusually
                  | fast. [Vine Stalker growth]
  1405 | D:2      | Reached XP level 4. HP: 1/23 MP: 2/5
  1516 | D:2      | Reached XP level 5. HP: 26/26 MP: 6/6
  1722 | D:2      | Noticed Sigmund
  1730 | D:2      | Slain by Sigmund

Illustrated notes

Levels and vault maps discovered:
D:1:      evilmike_arrival_hilbert_curve, layout_basic, serial_shops, shop,
          ebering_ecumenical_altar_ruins
D:2:      layout_basic, basic_altar, uniq_sigmund

Skill      XL: |  1  2  3  4 |
---------------+-------------+-----
Stealth        | 5 |  5.5
Fighting       | 2 |  2.0
Short Blades   | 3 4 |  4.1
Throwing       | |  1.7
Dodging        | |  0.7

Action                   |  1- 3 |  4- 6 || total
-------------------------+-------+-------++-------
Melee: Dagger            |    27 |    24 ||    51
       Bite              |     4 |     7 ||    11
Throw: Dart              |     4 |     2 ||     6
 Stab: Sleeping          |     4 |     3 ||     7
Armor: Robe              |     3 |     4 ||     7
Dodge: Dodged            |     8 |    14 ||    22

Table legend: (Time is in decaauts)
 A = Elapsed time spent in this place.
 B = Non-inter-level travel time spent in this place.
 C = Inter-level travel time spent in this place.
 D = Time resting spent in this place.
 E = Time spent auto-exploring this place.
 F = Levels seen in this place.
 G = Mean time per level.
                   A        B        C        D        E       F      G
               +--------+--------+--------+--------+--------+-----+--------+
         Total |   1721 |   1690 |     31 |    232 |   1292 |   2 |  860.5 |
       Dungeon |   1721 |   1690 |     31 |    232 |   1292 |   2 |  860.5 |
               +--------+--------+--------+--------+--------+-----+--------+

Top non-repeatable levels by time:
     D:1: 1375 daAuts
     D:2: 346 daAuts
